 Dungeon Crawl Stone Soup version 0.23-a0-629-gae4348f6cf (webtiles) character file.

2450 LLavrengius the Geomancer (level 9, -2/60 HPs)
             Began as a Gargoyle Earth Elementalist on Dec 25, 2018.
             Was an Initiate of Gozag.
             Slain by a slime creature (5 damage)
             ... on level 5 of the Dungeon.
             The game lasted 00:26:12 (8665 turns).

LLavrengius the Geomancer (GrEE)                    Turns: 8665, Time: 00:26:12

Health: -2/60      AC: 13    Str: 13    XL:     9   Next: 49%
Magic:  9/12       EV:  9    Int: 18    God:    Gozag
Gold:   572        SH:  0    Dex: 10    Spells: 4/12 levels left

rFire    . . .     SeeInvis .   w - +3 war axe (flame)
rCold    . . .     Gourm    .   (no shield)
rNeg     + . .     Faith    .   y - +1 scale mail {rPois}
rPois    ∞         Spirit   .   (no helmet)
rElec    +         Reflect  .   (no cloak)
rCorr    .         Harm     .   (no gloves)
MR       +....                  (no boots)
Stlth    ..........             (no amulet)
HPRegen  0.20/turn              a - ring of protection from magic
MPRegen  0.13/turn              (no ring)

@: no status effects
A: negative energy resistance 1, electricity resistance, unbreathing,
petrification resistance, rot immunity, AC +6
a: Potion Petition, Call Merchant, Bribe Branch, Renounce Religion


You were on level 5 of the Dungeon.
You worshipped Gozag.
Gozag was pleased with you.
You were not hungry.

You visited 2 branches of the dungeon, and saw 7 of its levels.

You collected 687 gold pieces.
You paid 115 gold pieces to Gozag.

Inventory:

Hand Weapons
 e - a +0 dagger
 j - a +2 vampiric dagger
 o - a +1 mace of venom
 r - a +0 trident
 w - a +3 war axe of flaming (weapon)
Missiles
 b - 161 stones (quivered)
 m - 15 tomahawks
Armour
 c - a +0 robe
 p - a +1 ring mail
 y - a +1 scale mail of poison resistance (worn)
Jewellery
 a - a ring of protection from magic (left hand)
Wands
 n - a wand of flame (19)
Scrolls
 f - a scroll of teleportation {unknown}
 h - a scroll of enchant armour
 l - 5 scrolls of remove curse
 q - 2 scrolls of fear {unknown}
 u - 2 scrolls of blinking {unknown}
 v - 2 scrolls of identify
Potions
 g - a potion of invisibility
 i - a potion of brilliance {unknown}
 k - a potion of haste {unknown}
 s - a potion of heal wounds {unknown}
 t - 2 potions of lignification {unknown}
 x - a potion of flight {unknown}
 z - a potion of curing {unknown}
Comestibles
 d - 5 rations


   Skills:
 + Level 8.7 Fighting
 - Level 2.0 Short Blades
 + Level 3.8 Axes
 - Level 1.5 Dodging
 - Level 2.1 Stealth
 - Level 2.0 Spellcasting
 - Level 0.7 Transmutations
 + Level 10.3 Earth Magic


You had 4 spell levels left.
You knew the following spells:

 Your Spells              Type           Power        Failure   Level  Hunger
a - Sandblast             Erth           #####.       1%          1    #......
b - Passwall              Tmut/Erth      ###.....     14%         2    ###....
c - Lee's Rapid Deconstr  Erth           #####.....   36%         5    ######.

Your spell library contained the following spells:

 Spells                   Type           Power        Failure   Level  Hunger
 Stone Arrow              Conj/Erth      ###...       32%         3    ###....
 Animate Skeleton         Necr           N/A          65%         1    #......
 Apportation              Tloc           #.....       65%         1    #......
 Confusing Touch          Hex            #.....       65%         1    #......
 Summon Small Mammal      Summ           #...         65%         1    #......
 Petrify                  Tmut/Erth      ###.....     67%         4    #####..


Dungeon Overview and Level Annotations

Branches:
Dungeon (6/15)             Temple (1/1) D:5

Altars:
Ashenzari
Cheibriados
Dithmenos
Elyvilon
Fedhas
Gozag
Hepliaklqana
Kikubaaqudgha
Makhleb
Qazlal
Ru
Sif Muna
Trog
Uskayaw
Vehumet
Wu Jian
Xom
Zin
The Shining One


Innate Abilities, Weirdness & Mutations

You are resistant to torment.
Your stone body is resilient. (AC +6)
You are immune to poison.
You resist negative energy. (rN+)
You are resistant to electric shocks. (rElec)
You can survive without breathing.
You are immune to petrification.
You are immune to rotting.


Message History

Confirm with . or Enter, or press ? or * to list all spells.
Aiming: Sandblast (safe; 1% risk of failure)
Press: ? - help, Shift-Dir - straight line, f/p - slime creature
Aim: a slime creature (lightly wounded)
The blast of sand hits the slime creature.
The slime creature is heavily wounded.
b - 162 stones The slime creature hits you.
* * * LOW HITPOINT WARNING * * *
Casting: Sandblast (safe; 1% risk of failure)
Confirm with . or Enter, or press ? or * to list all spells.
Aiming: Sandblast (safe; 1% risk of failure)
Press: ? - help, Shift-Dir - straight line, f/p - slime creature
Aim: a slime creature (heavily wounded)
The blast of sand hits the slime creature.
The slime creature is almost dead.
b - 161 stones The slime creature hits you.
You die...
Your body crumbles into a pile of gold.

#.# #....(## #####.#
#.>.)... #.....#
#.....#. #.###.#
#.....#. #.# ####
###.###. #.# ##_###_
#.###.
#.##8...8..(8##....#
#.##J........##.###.
#.#@........._#.# #.
####.........#### #.
###8...8...8## #.
##_###_## ###. ### #
#... #.# #... #.#
#### #.# #.#


You could see a slime creature.

Vanquished Creatures
  Pikel (D:5)
  Sigmund (D:5)
  Duvessa (D:4)
  An orc warrior (D:6)
  An ice beast (D:6)
  A necrophage (D:6)
  A phantom (D:4)
  3 centaurs
  An ogre (D:3)
  3 bullfrogs (D:6)
  Dowan (D:4)
  2 howler monkeys
  3 hounds
  3 jellies
  2 orc priests
  A bullfrog skeleton (D:4)
  2 iguanas (D:6)
  Natasha (thrice) (D:2)
  An orc wizard (D:4)
  3 worker ants
  11 adders
  A shadow imp (D:6)
  2 oozes
  An adder skeleton (D:6)
  2 worms
  3 dart slugs
  A leopard gecko (D:3)
  15 orcs
  10 bats
  2 giant cockroaches
  8 goblins
  8 hobgoblins
  5 jackals
  6 kobolds
  5 quokkas
  2 ball pythons
  6 frilled lizards
  A jackal skeleton (D:4)
  2 jackal zombies
  A leopard gecko skeleton (D:6)
  A quokka skeleton (D:6)
  11 rats
139 creatures vanquished.

Vanquished Creatures (others)
  3 fungi (D:6)
3 creatures vanquished.

Grand Total: 142 creatures vanquished

Notes
Turn   | Place    | Note
-------+----------+-------------------------------------------
     0 | D:1      | LLavrengius the Gargoyle Earth Elementalist began the quest
                  | for the Orb.
     0 | D:1      | Reached XP level 1. HP: 10/10 MP: 3/3
   277 | D:1      | Reached skill level 1 in Fighting
   278 | D:1      | Reached skill level 4 in Earth Magic
   278 | D:1      | Reached XP level 2. HP: 4/16 MP: 0/5
  1048 | D:1      | Reached XP level 3. HP: 9/21 MP: 4/6
  1689 | D:2      | Noticed Natasha
  1694 | D:2      | Killed Natasha
  1694 | D:2      | Reached XP level 4. HP: 27/27 MP: 3/7
  1827 | D:2      | Learned a level 2 spell: Passwall
  1958 | D:2      | Reached skill level 5 in Earth Magic
  2531 | D:2      | Noticed Natasha
  2893 | D:2      | Killed Natasha
  2893 | D:2      | Reached XP level 5. HP: 15/32 MP: 5/8
  3179 | D:2      | Noticed Natasha
  3192 | D:2      | Killed Natasha
  3216 | D:2      | Found a blossoming altar of Fedhas.
  3226 | D:2      | Found a bloodstained altar of Trog.
  3331 | D:3      | Learned a level 5 spell: Lee's Rapid Deconstruction
  3579 | D:3      | Reached skill level 6 in Earth Magic
  3784 | D:3      | Reached XP level 6. HP: 38/38 MP: 9/9
  4801 | D:4      | Noticed a phantom
  4843 | D:4      | Killed a phantom
  4843 | D:4      | Reached skill level 1 in Short Blades
  5161 | D:4      | Reached skill level 5 in Fighting
  5161 | D:4      | Reached XP level 7. HP: 44/44 MP: 10/10
  5166 | D:4      | Found a snail-covered altar of Cheibriados.
  5363 | D:4      | Noticed Dowan
  5363 | D:4      | Noticed Duvessa
  5709 | D:4      | Found a white marble altar of Elyvilon.
  5865 | D:3      | Reached skill level 7 in Earth Magic
  6071 | D:5      | Entered Level 5 of the Dungeon
  6287 | D:5      | Noticed Pikel
  6317 | D:5      | Killed Pikel
  6317 | D:5      | Reached skill level 8 in Earth Magic
  6317 | D:5      | Reached XP level 8. HP: 36/52 MP: 0/11
  6438 | D:5      | Found a shimmering altar of Xom.
  6442 | D:5      | Found a glowing golden altar of the Shining One.
  6444 | D:5      | Found a stormy altar of Qazlal.
  6510 | D:5      | Noticed Sigmund
  6528 | D:5      | Killed Sigmund
  6735 | D:5      | Reached skill level 9 in Earth Magic
  6736 | D:5      | Found a staircase to the Ecumenical Temple.
  6742 | D:5      | Reached skill level 1 in Axes
  6750 | Temple   | Entered the Ecumenical Temple
  7226 | Temple   | Became a worshipper of Gozag Ym Sagoz the Greedy
  7626 | D:4      | Killed Duvessa
  7752 | D:4      | Killed Dowan
  7848 | D:6      | Reached XP level 9. HP: 33/59 MP: 12/12
  8132 | D:6      | Reached skill level 10 in Earth Magic
  8661 | D:5      | Found a deep blue altar of Sif Muna.
  8661 | D:5      | Found a hide-covered altar of Uskayaw.
  8664 | D:5      | HP: 2/60 [slime creature (5)]
  8665 | D:5      | Slain by a slime creature

Vault maps used:
D:1:      mrwooster_arrival_statue
D:2:      amethyst_overflow_temple_binary, uniq_natasha
D:3:      first_ration
D:4:      cheibrodos_greedy_goblins, elyvilon_altar_5, kennysheep_mini_moat,
          minmay_puff, uniq_duvessa
D:5:      nicolae_overflow_hidden_temple, minmay_temple_entry_proselytizer,
          uniq_sigmund, uniq_pikel
D:6:      lemuel_slime, serial_column_ruins, column_ruins_hut_water,
          column_ruins_courtyard_long, column_ruins_open_tiny,
          column_ruins_corridor_straight, column_ruins_open_small,
          column_ruins_open_medium, column_ruins_columns_straight,
          column_ruins_grid_1, skrybe_limestone_x
Temple:   jpeg_temple_alley_garden

Skill      XL: |  1  2  3  4  5  6  7  8  9 |
---------------+----------------------------+-----
Fighting       | 1 2 3 4 5 6 7 8 |  8.7
Earth Magic    | 4 5 6 8 9 10 | 10.3
Short Blades   | 1 2 |  2.0
Axes           | 2 3 |  3.8
Dodging        | |  1.5
Stealth        | |  2.1
Spellcasting   | |  2.0
Transmutations | |  0.7

Action                   |  1- 3 |  4- 6 |  7- 9 || total
-------------------------+-------+-------+-------++-------
Melee: Unarmed           |    66 |       |       ||    66
       Dagger            |    56 |   318 |    47 ||   421
       War axe           |       |       |   144 ||   144
 Cast: Sandblast         |    17 |    44 |    44 ||   105
       Passwall          |       |     1 |       ||     1
Invok: Potion Petition   |       |       |     1 ||     1
  Use: Scroll            |       |     5 |     1 ||     6
 Stab: Sleeping          |     2 |     5 |     1 ||     8
       Distracted        |       |       |     1 ||     1
  Eat: Chunk             |     2 |    11 |     6 ||    19
       Ration            |       |     2 |     2 ||     4
Armor: Robe              |    61 |    72 |       ||   133
       Ring mail         |       |    99 |    63 ||   162
       Scale mail        |       |       |    70 ||    70
Dodge: Dodged            |   113 |   245 |   120 ||   478

Table legend:
 A = Non-vault XP
 B = Vault XP
 C = Vault XP percentage of total XP
 D = Non-vault monster count
 E = Vault monster count
 F = Vault count percentage of total count
                 A         B        C        D         E       F
            +---------+---------+-------+---------+---------+-------
      Total |    2208 |    1292 |  36.9 |     118 |      21 |  15.1
            +---------+---------+-------+---------+---------+-------
        D:1 |      51 |       0 |   0.0 |      27 |       0 |   0.0
        D:2 |     189 |      35 |  15.6 |      24 |       1 |   4.0
        D:3 |     189 |       0 |   0.0 |      19 |       0 |   0.0
        D:4 |     238 |     296 |  55.4 |      11 |      15 |  57.7
        D:5 |     345 |     912 |  72.6 |      10 |       3 |  23.1
        D:6 |    1196 |      49 |   3.9 |      27 |       2 |   6.9
            +---------+---------+-------+---------+---------+-------
